Cogmind - Beta 15 @@@ ROGUE MODE // 2025.05.22 @ 20:49:09 Player: Lillith Result: Destroyed by YI-UF0 with YI-UF0's Doublenader Performance ------------- Evolutions (0) 0 Regions Visited (2) 400 Robots Destroyed (21) 105 Value Destroyed (522) 522 Prototype IDs (0) 0 Alien Tech Used (0) 0 Bonus (0) 0 TOTAL SCORE: 1027 Bonus ------- None Cogmind --------- Core Integrity 0/250 Matter 135/300 Energy 100/100 System Corruption 3% Temperature Cool (0) Movement Core (700) Ox13 Location -10/Mines Parts ------- > --- POWER (1) -------- (None) > --- PROPULSION (2) --- (None) > --- UTILITY (2) ------ High-capacity Storage Unit > --- WEAPON (2) ------- (None) > --- INVENTORY (20) --- Ion Engine Ion Engine Light Treads Improved Heat Sink Large Matter Pod (88) High-capacity Matter Pod (0) Signal Interpreter Small Laser Particle Gun Datajack Explosive Trap Explosive Trap Explosive Trap Explosive Trap Peak State ------------ > --- POWER ------------ Light Nuclear Core > --- PROPULSION ------- Light Treads Compact Wheel > --- UTILITY ---------- Improved Heat Sink High-capacity Storage Unit > --- WEAPON ----------- Light Assault Rifle Grenade Launcher > --- INVENTORY -------- Ion Engine Ion Engine Light Treads Large Matter Pod High-capacity Matter Pod Signal Interpreter Seismic Detector Small Laser Particle Gun Datajack [Rating: 12] Favorites ----------- Power Ion Engine Engine Ion Engine Power Core Light Nuclear Core Propulsion Light Treads Treads Light Treads Wheel Compact Wheel Utility Seismic Detector Device Seismic Detector Storage High-capacity Storage Unit Weapon EM Pulse Gun Energy Gun EM Pulse Gun Ballistic Gun Light Assault Rifle Launcher Grenade Launcher Build | -11 -10 -10 ------- Run | Yrd Mat Min Slots Evolved . | . . . Power . | . . . Propulsion . | . . . Utility . | . . . Weapon . | . . . Parts Attached 17 | 7 6 4 Power 2 | 1 . 1 Engine 1 | 1 . . Core 1 | . . 1 Reactor . | . . . Propulsion 4 | 2 2 . Treads 2 | 2 . . Leg . | . . . Wheel 2 | . 2 . Hover . | . . . Flight . | . . . Utility 5 | 2 2 1 Device 3 | 1 1 1 Storage 2 | 1 1 . Processor . | . . . Hackware . | . . . Protection . | . . . Artifact . | . . . Weapon 6 | 2 2 2 Energy Gun 3 | 2 1 . Energy Cannon . | . . . Ballistic Gun 1 | . 1 . Ballistic Cannon . | . . . Launcher 2 | . . 2 Special Weapon . | . . . Impact Weapon . | . . . Slashing Weapon . | . . . Piercing Weapon . | . . . Special Melee Weapon . | . . . Unidentified Prototypes . | . . . Parts Lost 11 | . 3 8 Power 1 | . . 1 Propulsion 3 | . . 3 Utility 2 | . 1 1 Weapon 5 | . 2 3 Highest Loss Streak 7 | . 2 7 To Critical Strikes . | . . . Average Backups 7 | 3 7 10 Power 1 | . 1 1 Propulsion 1 | 1 2 1 Utility 2 | . 1 4 Weapon 1 | . 1 2 Tool/Special . | . . . Unused Backups 6 | . . 6 Power 1 | . . 1 Propulsion . | . . . Utility 3 | . . 3 Weapon 1 | . . 1 Tool/Special 1 | . . 1 Average Slot Usage (%) 97 | . 96 99 Engine 8 | . 14 . Core 5 | . . 13 Treads 15 | . 16 12 Wheel 12 | . 11 14 Device 13 | . 13 14 Storage 14 | . 14 14 Energy Gun 11 | . 20 . Ballistic Gun 8 | . 4 14 Launcher 6 | . . 14 Peak Build Rating 12 | 7 9 12 Average Rating 7 | 5 6 10 On Entrance 5 | . 7 9 Naked Turns . | . . . Heaviest Build 50 | 15 50 50 Greatest Support 40 | 40 40 16 Greatest Overweight (x) 3 | . 1 3 Average Overweight (x) 1 | . . 2 Largest Inventory Capacity 20 | 8 20 20 Average Capacity 14 | 7 13 20 Most Carried 15 | 4 9 15 Average Carried 7 | 3 7 10 Final Capacity 20 | 8 20 20 Final Carried 14 | 4 9 14 Class Distribution -------------------- 100% | Mutant Dominant Class ---------------- Mutant | -10/Materials Mutant | -10/Mines Resources | -11 -10 -10 ----------- Run | Yrd Mat Min Matter Collected 469 | 260 174 35 Remotely . | . . . Salvage Created 691 | 190 353 148 Parts 39 | 12 21 6 Haulers Intercepted 2 | . 2 . Recyclers Shooed 1 | 1 . . Parts Field Recycled . | . . . Retrieved Matter . | . . . Parts Self-Destructed . | . . . Prevented . | . . . Kills | -11 -10 -10 ------- Run | Yrd Mat Min Combat Hostiles Destroyed 28 | . 6 22 Guns 6 | . 6 . AOE 22 | . . 22 Classes Destroyed 8 | 2 5 1 Tunneler 4 | 4 . . Hauler 2 | . 2 . Recycler 1 | 1 . . Operator 1 | . 1 . Watcher 1 | . 1 . Swarmer 2 | . 2 . Grunt 10 | . 4 6 Assembled 16 | . . 16 Best Kill Streak 16 | 3 3 16 Combat Bots Only 16 | . 2 16 Max Kills in Single Turn 6 | 1 1 6 Gunslinging . | . . . Exploded 6 | . . 6 Melee . | . . . Uniques/NPCs Destroyed . | . . . Combat | -11 -10 -10 -------- Run | Yrd Mat Min Hostile Shots Fired 93 | . 49 44 Missed 32 | . 14 18 Hits 61 | . 35 26 Melee 3 | . . 3 Projectile 58 | . 35 23 Critical Strikes 2 | . 2 . Part Disruptions 1 | . . 1 Damage Taken 1012 | 36 366 610 Core 258 | . 103 155 Absorbed by Shields . | . . . Core Remaining (%) 100 | 100 . . Volleys Fired 78 | 11 48 19 Largest 2 | 2 2 1 Hottest 80 | 80 80 30 Shots Fired 108 | 22 67 19 Gun 89 | 22 67 . Cannon . | . . . Launcher 19 | . . 19 Special . | . . . Kinetic 31 | . 31 . Thermal 3 | . 3 . Explosive 19 | . . 19 Electromagnetic 55 | 22 33 . Robot Hit Streak 21 | 4 21 5 Robot Miss Streak 5 | 5 5 1 Penetration Max . | . . . Secondary Targets . | . . . Shots Hit Robots 63 | 12 44 7 Core Hits 73 | 6 16 51 Critical Kills . | . . . Critical Parts Destroyed 2 | . 2 . Critical Strikes 2 | . 2 . Destroy 2 | . 2 . Melee Attacks . | . . . Impact . | . . . Slashing . | . . . Piercing . | . . . Sneak Attacks . | . . . Combat Hostiles . | . . . Follow-up Attacks . | . . . Damage Inflicted 2318 | 236 468 1614 Guns 619 | 151 468 . Cannons . | . . . Explosions 1699 | 85 . 1614 Melee . | . . . Ramming . | . . . Kinetic 231 | . 231 . Thermal 217 | 85 30 102 Explosive 1512 | . . 1512 Electromagnetic 358 | 151 207 . Impact . | . . . Slashing . | . . . Piercing . | . . . Highest Corruption 3 | . . 3 Average Corruption 3 | . . 3 Corruption Purged . | . . . Corruption Blocked . | . . . Overload Shots . | . . . Overflow Damage 112 | . . 112 Projectiles . | . . . Explosions 112 | . . 112 Melee . | . . . Knockbacks . | . . . Impact . | . . . Kinetic . | . . . Secondary . | . . . Self-Inflicted Damage 202 | 37 . 165 Shots 6 | 1 . 5 Rammed . | . . . Targets Rammed . | . . . Kicked . | . . . Crushed . | . . . Highest Temperature 120 | 84 120 17 Average Temperature 35 | 34 40 7 Received Heat Transfer 245 | . 168 77 Siege Activations . | . . . Martial Activations . | . . . Shielding Activations . | . . . Robots Disrupted . | . . . Combat Hostiles . | . . . Robots Corrupted 1 | . 1 . Combat Hostiles . | . . . Parts Fried 1 | 1 . . Impact Corruptions . | . . . Robots Melted . | . . . Combat Hostiles . | . . . Parts Melted . | . . . Heat Transferred 175 | . 75 100 Parts Sabotaged . | . . . Parts Stolen . | . . . Parts Stripped . | . . . Power Chain Reactions 2 | 2 . . Alert | -11 -10 -10 ------- Run | Yrd Mat Min Maximum Alert Level . | . . . Low Security (%) 100 | 100 100 100 Level 1 . | . . . Level 2 . | . . . Level 3 . | . . . Level 4 . | . . . Level 5 . | . . . High Security . | . . . Max Security . | . . . Peak Influence 160 | 10 76 160 Initial 22 | . . 22 Average 40 | 1 21 81 Influence Increases 510 | 25 211 274 Destroy 0b10 Robot/C 240 | . 120 120 Destroy 0b10 Robot/NC 45 | 25 20 . Destroy Leader 56 | . 26 30 Disable Machine 60 | . . 60 Destroy Structure 64 | . . 64 Lose Combat Pursuer 45 | . 45 . Influence Decreases 471 | 25 152 294 Entered New Map 37 | . . 37 Time Decay 324 | 25 122 177 Lost Part 110 | . 30 80 Squads Dispatched 1 | . 1 . Investigation . | . . . Extermination . | . . . Reinforcement 1 | . 1 . Assault . | . . . Garrison . | . . . Intercept . | . . . Searches Triggered . | . . . Construction Impeded . | . . . Haulers Reinforced . | . . . Active Scanning Responses . | . . . Cargo Convoy Interrupts . | . . . Stealth | -11 -10 -10 --------- Run | Yrd Mat Min Distress Signals 1 | . 1 . Communications Jammed . | . . . Distress Signals . | . . . Times Spotted 42 | . 16 26 Peak Tracking Total 12 | . 4 12 Tactical Retreats 3 | . 3 . Traps | -11 -10 -10 ------- Run | Yrd Mat Min Traps Triggered . | . . . Indirectly . | . . . Trap Hack Attempts . | . . . Triggered . | . . . Disarmed . | . . . Reprogrammed . | . . . Reused . | . . . Traps Extracted . | . . . Installed . | . . . Triggered . | . . . Most Traps Carried 4 | . . 4 Machines | -11 -10 -10 ---------- Run | Yrd Mat Min Machines Disabled 4 | . . 4 Max in Single Turn 2 | . . 2 Machines Repaired . | . . . Machines Dismantled . | . . . Machines Sabotaged . | . . . Overloaded Fab Kills . | . . . Hacking | -11 -10 -10 --------- Run | Yrd Mat Min Machines Accessed . | . . . Terminals . | . . . Fabricators . | . . . Repair Stations . | . . . Recycling Units . | . . . Scanalyzers . | . . . Garrison Access . | . . . Total Hacks . | . . . Successful . | . . . Failed . | . . . Catastrophic . | . . . Database Lockouts . | . . . Manual . | . . . Terminals . | . . . Fabricators . | . . . Repair Stations . | . . . Recycling Units . | . . . Scanalyzers . | . . . Garrison Access . | . . . Terminal Hacks . | . . . Fabricator Hacks . | . . . Repair Station Hacks . | . . . Recycling Unit Hacks . | . . . Scanalyzer . | . . . Garrison Access Hacks . | . . . Unauthorized Hacks . | . . . Terminals . | . . . Fabricators . | . . . Repair Stations . | . . . Recycling Units . | . . . Scanalyzers . | . . . Garrison Access . | . . . Data Cores Recovered . | . . . Used . | . . . Hacking Detections . | . . . Full Trace Events . | . . . Feedback Events . | . . . Feedback Blocked . | . . . Robot Schematics Acquired . | . . . Robots Built . | . . . Authchips . | . . . Time . | . . . Total Robot Build Rating . | . . . Part Schematics Acquired . | . . . Parts Built . | . . . Authchips . | . . . Time . | . . . Total Part Build Rating . | . . . Parts Repaired . | . . . Time . | . . . Parts Recycled . | . . . Recycled Matter . | . . . Retrieved Matter . | . . . Retrieved Components . | . . . Parts Scanalyzed . | . . . Part Schematics Acquired . | . . . Parts Damaged . | . . . Bothacking | -11 -10 -10 ------------ Run | Yrd Mat Min Used RIF Installer . | . . . Robots Hacked . | . . . Non-combat . | . . . Combat . | . . . Robot Hacks Applied . | . . . Relay Couplers Released . | . . . Fabnet Peak Effective % . | . . . Robots Rewired . | . . . Allies Hacked . | . . . Hacks Repelled . | . . . Allies | -11 -10 -10 -------- Run | Yrd Mat Min Total Allies . | . . . Largest Group . | . . . Highest-Rated Group . | . . . Highest-Rated Ally . | . . . Total Orders . | . . . Ally Attacks . | . . . Total Damage . | . . . Kills . | . . . Allies Corrupted . | . . . Allies Melted . | . . . Intel | -11 -10 -10 ------- Run | Yrd Mat Min Active Infowar (turns) 723 | 16 414 293 Seismic 723 | 16 414 293 Robot Analysis Total . | . . . Derelict Logs Recovered 1 | . . 1 Drone Launches . | . . . Drone Recoveries . | . . . Exploration | -11 -10 -10 ------------- Run | Yrd Mat Min Turns Passed 1028 | 165 489 374 Spaces Moved 556 | 78 255 223 Core 6 | 6 . . Treads 223 | 72 151 . Legs . | . . . Wheels 327 | . 104 223 Hover . | . . . Flight . | . . . Fastest Speed 50 | 50 105 130 Average Speed 142 | 151 137 144 Slowest Speed 240 | 160 240 145 Overloaded Moves . | . . . Propulsion Burnouts . | . . . Robots Hopped . | . . . Potential Cave-ins . | . . . Cave-ins Triggered . | . . . Exploration Rate (%) 32 | 6 39 51 Regions Visited 2 Branch Regions 1 Pre-discovered Areas . | . . . Known Exits Taken . | . . . Unknown Exits Taken 2 | 1 1 . Scrap Searched . | . . . Spaces Dug . | . . . Terrain Destroyed 117 | 11 . 106 Melee . | . . . Projectile . | . . . AOE 117 | 11 . 106 Terrain Rammed . | . . . Walls Destroyed . | . . . Machines Disabled . | . . . Actions | -11 -10 -10 --------- Run | Yrd Mat Min Total 682 | 99 330 253 Wait 15 | . 15 . Move 554 | 77 254 223 Hop . | . . . Pick Up 16 | 4 6 6 Fast Attach 9 | 7 2 . Attach 3 | . 1 2 Detach . | . . . Swap 6 | . 3 3 Drop 1 | . 1 . Fire 78 | 11 48 19 Melee . | . . . Ram . | . . . Kick . | . . . Crush . | . . . Escape Stasis . | . . . Rewire . | . . . Trap . | . . . Miscellaneous . | . . . Route ------- -11/Scrapyard -10/Materials -10/Mines History --------- Turn | Location | Event 61 | -11/Scrapyard | Discovered new exit (range 16) 166 | -11/Scrapyard | Entered Materials 304 | -10/Materials | Build established: Mutant 416 | -10/Materials | Discovered new exit (range 14) 655 | -10/Materials | Entered Mines 735 | -10/Mines | Learned Materials garrison access intel 941 | -10/Mines | YI-UF0 nonchalantly dropped a Grenade Launcher on the ground 967 | -10/Mines | Found a hidden stash of uninstalled traps 994 | -10/Mines | Assembled infested the area 999 | -10/Mines | Assisted by a Guerilla fighting off Assembled 1019 | -10/Mines | Core integrity fell below 50% 1029 | -10/Mines | Core integrity fell below 20% 1029 | -10/Mines | Destroyed by YI-UF0 with YI-UF0's Doublenader Last Messages --------------- 01024_ as-27426 destroyed. 01024_ as-21116 destroyed. 01024_ as-29262 destroyed. 01024_ as-50153 destroyed. 01024_ as-35538 destroyed. 01024_ Lgt. Nuclear Core destroyed. 01025_ Lgt. Assault Rifle destroyed. 01025_ System corrupted by crushing effect (+3). 01026_ Lgt. Treads destroyed. 01026_ Destroyed Asb. Hover Unit. 01026_ Grenade Launcher destroyed. 01026_ Destroyed Grenade Launcher. 01026_ Destroyed Asb. Hover Unit. 01026_ as-63101 destroyed. 01026_ as-51068 destroyed. [Achievement: Exterminator] 01026_ as-07406 destroyed. 01028_ YI-UF0 mumbles something. 01029_ Seismic Detector destroyed. 01029_ Com. Wheel destroyed. Map ----- +----------------------------------------------------+ | | | | | | | | | | | | | | | | | | | | | | | | | | | | | | | | | | | | | | | | | ?????????????????????????????????????? | | ?????????????????###?????###?????????? | | ?????????####???## ##### ########??? | | ????????## ##??# #??? | | ????????# ##?# #??? | | ???????## #??# g @ #??? | | #??##### ##?### a #?? | | ### ##### ### #?? | | #?? a%% #?? | | #?# #?? | | #######?#### #?? | | ##???????????# % ##?? | | # ######?????????????###a ##??? | | # ##????????????????????? #???? | | ## ##?###?????????????????? ???? | | ?## ## ##????????????????? < ??? | | ??# #?????????????????? #?? | | ?## #??????????????????? #?? | | ?# #??????????????????????? | | ?# #??????????????????????? | | ?# #??????????????????????? | | ?# ##??????????????????????? | | ?## #???????????????????????? | | ### ##??????????????????????? | | ## ##?????????????????????? | | ### ##????????????????????? | | ## ## ##???????????????????? | | ##### #???????????????????? | | #???# #???????????????????? | | #???# ##???????????????????? | +----------------------------------------------------+ Best States ------------- Heat Dissipation 39 Energy Generation 14 Energy Capacity 250 Matter Stores 300 Matter Capacity 300 Sight Range 16 Terrain Scan Density 10 Evasion (%) 40 Recoil Reduction 2 Item Schematics ----------------- None Robot Schematics ------------------ None Fabricated ------------ Nothing Repaired ---------- Nothing Alien Tech Used ----------------- None Achievements -------------- Exterminator Challenges ------------ None Game ------ Seed UltimateSiegeOptics Manual? 0 Play Time 00:09:27 Cumulative 49.3 hours Start 2025.05.22 @ 20:38:31 End 2025.05.22 @ 20:49:09 Sessions 1 Manual Loads 0 Difficulty Rogue Special Mode None Game No. 86 Rogue 86 Adventurer 0 Explorer 0 Win Type - Total 0 Types 0/0/0/0/0/0/0/0/0/0 Lore% 41 Gallery% 31 Achievement% 30 Wizard Run 0 Options --------- Layout 2 ASCII 0 Keyboard 1 Movement Arrows Keybinds 0 Fullscreen 2 Font 32/SmallcapsGlow Map View 50x44 Zoom Use 0% Tactical HUD 1 Map Filters NONE Filters NONE Steam 1 RUN: 0a14fcca-bf39-4e07-9f2c-58db93b29603